APL (24 & UNDER)
DETROIT DIRTY SNOW @ ATHENS ASSASSINS
07/14/2027
 
TOP OF THE 1ST
Detroit Dirty Snow batting - Pitching for Athens Assassins : LHP Ben Newman
Pitching: LHP Ben Newman
Batting: RHB Phil Wright 0-0: Ball
1-0: Ball
2-0: Foul Ball, location: 2F
2-1: SINGLE (Groundball, 6D)
Batting: RHB Cristo Souza 0-0: Foul Ball, location: 2F
0-1: Foul Ball, location: 2F
0-2: Ball
1-2: Foul Ball, location: 2F
1-2: Ball
2-2: Ball
3-2: Strikes out swinging
Phil Wright is caught stealing 2nd base
Batter strikes out.
Batting: LHB Eric Powell 0-0: Foul Ball, location: 2F
0-1: Ball
1-1: Foul Ball, location: 2F
1-2: Foul Ball, location: 2F
1-2: Foul Ball, location: 2F
1-2: Ground out 4-3 (Groundball, 4)
Top of the 1st over - 0 run(s), 1 hit(s), 0 error(s), 0 left on base; Detroit 0 - Athens 0
BOTTOM OF THE 1ST
Athens Assassins batting - Pitching for Detroit Dirty Snow : RHP Drake Williams
Pitching: RHP Drake Williams
Batting: LHB Milo Glenn 0-0: Called Strike
0-1: Ball
1-1: Swinging Strike
1-2: Strikes out swinging
Batting: RHB Alexander Barr 0-0: Called Strike
0-1: SINGLE (Line Drive, 6MD)
Batting: RHB Roderick Silva 0-0: Swinging Strike
0-1: Ball
1-1: Foul Ball, location: 2F
1-2: Strikes out swinging
Batting: RHB Foster Hapgood 0-0: Called Strike
0-1: Ball
1-1: Ball
2-1: SINGLE (Line Drive, 78S)
Alexander Barr to second
Batting: RHB Randall Walker 0-0: Called Strike
0-1: Called Strike
0-2: Foul Ball, location: 2F
0-2: Ball
1-2: Foul Ball, location: 2F
1-2: Ball
2-2: Fly out, F6 (Popup, 5D)
Bottom of the 1st over - 0 run(s), 2 hit(s), 0 error(s), 2 left on base; Detroit 0 - Athens 0
TOP OF THE 2ND
Detroit Dirty Snow batting - Pitching for Athens Assassins : LHP Ben Newman
Batting: RHB Carlos Rocha 0-0: Swinging Strike
0-1: Foul Ball, location: 2F
0-2: Foul Ball, location: 2F
0-2: Hit by Pitch
Batting: RHB Arturo Jiménez 0-0: Ball
1-0: 2-RUN HOME RUN (Line Drive, 7LD), Distance : 367 ft
Batting: RHB Charlie O'Farrell 0-0: Fly out, F9 (Flyball, 9S)
Batting: SHB Alan Garland 0-0: Ball
1-0: Foul Ball, location: 2F
1-1: Ball
2-1: Ball
3-1: Base on Balls
Batting: SHB Cristián López 0-0: Ball
1-0: Ball
2-0: Foul Ball, location: 2F
2-1: Ball
3-1: Fly out, F9 (Line Drive, 9)
Batting: RHB Carlos Salas 0-0: Ball
1-0: Fielders Choice at 2nd, U6 (Groundball, 6M)
Top of the 2nd over - 2 run(s), 1 hit(s), 0 error(s), 1 left on base; Detroit 2 - Athens 0
BOTTOM OF THE 2ND
Athens Assassins batting - Pitching for Detroit Dirty Snow : RHP Drake Williams
Batting: RHB Fred Hubbard 0-0: Called Strike
0-1: Ball
1-1: Ball
2-1: Foul Ball, location: 2F
2-2: Strikes out swinging
Batting: RHB Emílio García 0-0: SINGLE (Groundball, 34D)
Batting: RHB Jorge Loanos 0-0: SINGLE (Line Drive, 6M)
Emílio García to second
Batting: LHB Miguel García 0-0: Called Strike
0-1: Swinging Strike
0-2: Ball
Wild Pitch!
Emílio García to third
Jorge Loanos to second
1-2: Strikes out swinging
Batting: LHB Milo Glenn 0-0: Ball
1-0: Swinging Strike
1-1: Called Strike
1-2: Ball
2-2: Ball
3-2: Foul Ball, location: 2F
3-2: Foul Ball, location: 2F
3-2: Base on Balls
Batting: RHB Alexander Barr 0-0: Ball
1-0: Ball
2-0: Called Strike
2-1: Ball
3-1: Called Strike
3-2: Strikes out looking
Bottom of the 2nd over - 0 run(s), 2 hit(s), 0 error(s), 3 left on base; Detroit 2 - Athens 0
TOP OF THE 3RD
Detroit Dirty Snow batting - Pitching for Athens Assassins : LHP Ben Newman
Batting: RHB Phil Wright 0-0: Ball
1-0: Ball
2-0: SINGLE (Line Drive, 6MD)
Batting: RHB Cristo Souza 0-0: Ball
1-0: Ball
2-0: Ball
3-0: Called Strike
3-1: Fly out, F8 (Flyball, 89M)
Batting: LHB Eric Powell 0-0: Called Strike
0-1: Foul Ball, location: 2F
0-2: Ball
1-2: Ball
2-2: SINGLE (Groundball, 34D)
Phil Wright to second
Runner from 2nd tries for 3rd, SAFE, no throw
Batting: RHB Carlos Rocha 0-0: Foul Ball, location: 2F
0-1: Ball
1-1: Foul Ball, location: 2F
1-2: Strikes out swinging
Batting: RHB Arturo Jiménez 0-0: Ball
1-0: Called Strike
1-1: Ball
2-1: Ball
3-1: Base on Balls
Eric Powell to second
Batting: RHB Charlie O'Farrell 0-0: Ball
1-0: Foul Ball, location: 2F
1-1: Called Strike
1-2: Fly out, F8 (Flyball, 8LM)
Top of the 3rd over - 0 run(s), 2 hit(s), 0 error(s), 3 left on base; Detroit 2 - Athens 0
BOTTOM OF THE 3RD
Athens Assassins batting - Pitching for Detroit Dirty Snow : RHP Drake Williams
Batting: RHB Roderick Silva 0-0: Swinging Strike
0-1: Swinging Strike
0-2: Strikes out looking
Batting: RHB Foster Hapgood 0-0: Ball
1-0: Foul Ball, location: 2F
1-1: Swinging Strike
1-2: Foul Ball, location: 2F
1-2: Ball
2-2: Foul Ball, location: 2F
2-2: Fly out, F9 (Flyball, 9S)
Batting: RHB Randall Walker 0-0: Ball
1-0: Called Strike
1-1: Ball
2-1: Ground out 5-3 (Groundball, 56)
Bottom of the 3rd over - 0 run(s), 0 hit(s), 0 error(s), 0 left on base; Detroit 2 - Athens 0
TOP OF THE 4TH
Detroit Dirty Snow batting - Pitching for Athens Assassins : LHP Ben Newman
Batting: SHB Alan Garland 0-0: Ball
1-0: Called Strike
1-1: Ball
2-1: Swinging Strike
2-2: Ball
3-2: Strikes out swinging
Batting: SHB Cristián López 0-0: Ball
1-0: Called Strike
1-1: Ball
2-1: Ball
3-1: Base on Balls
Batting: RHB Carlos Salas 0-0: Ball
1-0: SINGLE (Groundball, 56) (infield hit)
Cristián López to second
Batting: RHB Phil Wright 0-0: Called Strike
0-1: Ball
1-1: Ball
2-1: Swinging Strike
2-2: Foul Ball, location: 2F
2-2: Foul Ball, location: 2F
2-2: Strikes out swinging
Batting: RHB Cristo Souza 0-0: Foul Ball, location: 2F
0-1: Fly out, F8 (Flyball, 8RM)
Top of the 4th over - 0 run(s), 1 hit(s), 0 error(s), 2 left on base; Detroit 2 - Athens 0
BOTTOM OF THE 4TH
Athens Assassins batting - Pitching for Detroit Dirty Snow : RHP Drake Williams
Batting: RHB Fred Hubbard 0-0: Ball
1-0: Ball
2-0: Called Strike
2-1: Foul Ball, location: 2F
2-2: Strikes out looking
Batting: RHB Emílio García 0-0: Ball
1-0: Swinging Strike
1-1: Ground out 6-3 (Groundball, 6)
Batting: RHB Jorge Loanos 0-0: Foul Ball, location: 2F
0-1: Called Strike
0-2: Strikes out looking
Bottom of the 4th over - 0 run(s), 0 hit(s), 0 error(s), 0 left on base; Detroit 2 - Athens 0
TOP OF THE 5TH
Detroit Dirty Snow batting - Pitching for Athens Assassins : LHP Ben Newman
Batting: LHB Eric Powell 0-0: Swinging Strike
0-1: Ball
1-1: Ball
2-1: Foul Ball, location: 2F
2-2: Foul Ball, location: 2F
2-2: Strikes out looking
Pitching: RHP Cisco López
Batting: RHB Carlos Rocha 0-0: Called Strike
0-1: Ball
1-1: Swinging Strike
1-2: Ball
2-2: Strikes out swinging
Batting: RHB Arturo Jiménez 0-0: Ball
1-0: Ball
2-0: Called Strike
2-1: Swinging Strike
2-2: Foul Ball, location: 2F
2-2: Strikes out swinging
Top of the 5th over - 0 run(s), 0 hit(s), 0 error(s), 0 left on base; Detroit 2 - Athens 0
BOTTOM OF THE 5TH
Athens Assassins batting - Pitching for Detroit Dirty Snow : RHP Drake Williams
Batting: LHB Miguel García 0-0: Ball
1-0: SINGLE (Line Drive, 89M)
Batting: LHB Milo Glenn 0-0: Ball
1-0: Fielders Choice at 2nd, 6-4 (Groundball, 6M)
Batting: RHB Alexander Barr 0-0: Called Strike
0-1: Ball
1-1: Fly out, F4 (Popup, 3D)
Batting: RHB Roderick Silva 0-0: Foul Ball, location: 2F
0-1: Foul Ball, location: 2F
0-2: Strikes out swinging
Bottom of the 5th over - 0 run(s), 1 hit(s), 0 error(s), 1 left on base; Detroit 2 - Athens 0
TOP OF THE 6TH
Detroit Dirty Snow batting - Pitching for Athens Assassins : RHP Cisco López
Batting: RHB Charlie O'Farrell 0-0: Swinging Strike
0-1: Swinging Strike
0-2: Fly out, F9 (Flyball, 9)
Batting: SHB Alan Garland 0-0: Ball
1-0: Ball
2-0: Called Strike
2-1: Ball
3-1: Base on Balls
Batting: SHB Cristián López 0-0: Ball
Alan Garland is caught stealing 2nd base
1-0: SINGLE (Line Drive, 9S)
Batting: RHB Carlos Salas 0-0: Called Strike
0-1: Ball
1-1: Ball
2-1: Called Strike
2-2: Foul Ball, location: 2F
2-2: Strikes out swinging
Top of the 6th over - 0 run(s), 1 hit(s), 0 error(s), 1 left on base; Detroit 2 - Athens 0
BOTTOM OF THE 6TH
Athens Assassins batting - Pitching for Detroit Dirty Snow : RHP Drake Williams
Batting: RHB Foster Hapgood 0-0: SINGLE (Groundball, 6D)
Batting: RHB Randall Walker 0-0: Called Strike
0-1: Ball
1-1: Ball
2-1: Fly out, F7 (Flyball, 7LM)
Pitching: RHP Leonard Christensen
Batting: RHB Fred Hubbard 0-0: Ball
1-0: Foul Ball, location: 2F
1-1: Swinging Strike
1-2: Ball
2-2: Fielders Choice at 2nd, 4-6 (Groundball, 4)
Batting: RHB Emílio García 0-0: Fly out, F9 (Flyball, 9)
Bottom of the 6th over - 0 run(s), 1 hit(s), 0 error(s), 1 left on base; Detroit 2 - Athens 0
TOP OF THE 7TH
Detroit Dirty Snow batting - Pitching for Athens Assassins : RHP Cisco López
Batting: RHB Phil Wright 0-0: Fly out, F9 (Flyball, 9LS)
Batting: RHB Cristo Souza 0-0: Called Strike
0-1: SINGLE (Line Drive, 8LS)
Pitching: LHP António Yan
Batting: LHB Eric Powell 0-0: Foul Ball, location: 2F
0-1: Ball
1-1: Ground out 4-3 (Groundball, 4MS)
Cristo Souza to second
Pitching: RHP José Moreno
Batting: RHB Carlos Rocha 0-0: Called Strike
0-1: Swinging Strike
0-2: SINGLE (Groundball, 4D)
Cristo Souza to third
Runner from 3rd tries for Home, throw and OUT!
Top of the 7th over - 0 run(s), 2 hit(s), 0 error(s), 1 left on base; Detroit 2 - Athens 0
BOTTOM OF THE 7TH
Athens Assassins batting - Pitching for Detroit Dirty Snow : RHP Leonard Christensen
Batting: RHB Jorge Loanos 0-0: Foul Ball, location: 2F
0-1: Ball
1-1: Ball
2-1: Foul Ball, location: 2F
2-2: Strikes out looking
Batting: LHB Miguel García 0-0: Called Strike
0-1: Fly out, F6 (Flyball, 6MD)
Batting: LHB Milo Glenn 0-0: Called Strike
0-1: Foul Ball, location: 2F
0-2: Foul Ball, location: 2F
0-2: Ball
1-2: Strikes out looking
Bottom of the 7th over - 0 run(s), 0 hit(s), 0 error(s), 0 left on base; Detroit 2 - Athens 0
TOP OF THE 8TH
Detroit Dirty Snow batting - Pitching for Athens Assassins : RHP José Moreno
Batting: RHB Arturo Jiménez 0-0: Called Strike
0-1: Ball
1-1: Swinging Strike
1-2: Ball
2-2: Strikes out swinging
Batting: RHB Charlie O'Farrell 0-0: Called Strike
0-1: Ball
1-1: Ball
2-1: Called Strike
2-2: Ball
3-2: SINGLE (Groundball, 6MD)
Batting: SHB Alan Garland 0-0: Foul Ball, location: 2F
0-1: Ball
1-1: Foul Ball, location: 2F
1-2: SINGLE (Line Drive, 4D)
Charlie O'Farrell to second
Batting: SHB Cristián López 0-0: Called Strike
0-1: Ball
1-1: Foul Ball, location: 2F
1-2: Ball
2-2: SINGLE (Line Drive, 3L)
Charlie O'Farrell to third
Alan Garland to second
Runner from 3rd tries for Home, throw and OUT!
Batting: RHB Carlos Salas 0-0: Ball
Wild Pitch!
Alan Garland to third
Cristián López to second
1-0: Ball
2-0: Foul Ball, location: 2F
2-1: Fly out, F8 (Flyball, 8RS)
Top of the 8th over - 0 run(s), 3 hit(s), 0 error(s), 2 left on base; Detroit 2 - Athens 0
BOTTOM OF THE 8TH
Athens Assassins batting - Pitching for Detroit Dirty Snow : RHP Leonard Christensen
Batting: RHB Alexander Barr 0-0: Ball
1-0: Called Strike
1-1: SINGLE (Groundball, 3D)
Pinch Runner at 1st David Boyle:
Batting: RHB Roderick Silva 0-0: Ball
1-0: Called Strike
1-1: Ball
2-1: Ball
3-1: Fly out, F9 (Flyball, 89S)
Batting: RHB Foster Hapgood 0-0: Ball
1-0: Ball
2-0: Ball
3-0: Base on Balls
David Boyle to second
Pinch Hitting: RHB Gunner Allen 0-0: Called Strike
0-1: Swinging Strike
0-2: Strikes out looking
Pinch Hitting: RHB George Arnold 0-0: Ball
1-0: SINGLE (Groundball, 3D)
David Boyle to third
Foster Hapgood to second
Runner from 3rd tries for Home, throw and OUT!
Bottom of the 8th over - 0 run(s), 2 hit(s), 0 error(s), 2 left on base; Detroit 2 - Athens 0
TOP OF THE 9TH
Detroit Dirty Snow batting - Pitching for Athens Assassins : RHP José Moreno
Now at SS: George Flanagan
Now in LF: David Boyle
Now in RF: Luis Vázquez
Batting: RHB Phil Wright 0-0: SINGLE (Line Drive, 34)
Batting: RHB Cristo Souza 0-0: Called Strike
0-1: Ball
1-1: Bunt missed!
1-2: Ground out 5-3 (Groundball, 56)
Phil Wright to second
Batting: LHB Eric Powell 0-0: Intentional Walk
Pitching: RHP Jason Mason
Batting: RHB Carlos Rocha 0-0: Ball
Phil Wright steals 3rd base
Eric Powell to second
1-0: Ball
2-0: Foul Ball, location: 2F
2-1: SINGLE (Line Drive, 78S)
Phil Wright scores
Eric Powell to third
Runner from 3rd tries for Home, SAFE, no throw
Batting: RHB Arturo Jiménez 0-0: Called Strike
0-1: Ball
1-1: Ball
2-1: Foul Ball, location: 2F
2-2: Ball
3-2: Fly out, F5 (Popup, 5)
Batting: RHB Charlie O'Farrell 0-0: Ground out 5-3 (Groundball, 5S)
Top of the 9th over - 2 run(s), 2 hit(s), 0 error(s), 1 left on base; Detroit 4 - Athens 0
BOTTOM OF THE 9TH
Athens Assassins batting - Pitching for Detroit Dirty Snow : RHP Leonard Christensen
Batting: RHB Emílio García 0-0: Fly out, F7 (Flyball, 78M)
Batting: RHB Jorge Loanos 0-0: Ball
1-0: Ground out 6-3 (Groundball, 6)
Batting: LHB Miguel García 0-0: SINGLE (Groundball, 3D)
Batting: LHB Milo Glenn 0-0: Ball
1-0: Called Strike
1-1: Ball
2-1: Foul Ball, location: 2F
2-2: Ball
3-2: Foul Ball, location: 2F
3-2: Foul Ball, location: 2F
3-2: SINGLE (Groundball, 15S) (infield hit)
Miguel García to second
Pitching: LHP Alonso Pineda
Batting: SHB David Boyle 0-0: Ball
1-0: Foul Ball, location: 2F
1-1: Ball
2-1: Fly out, F9 (Flyball, 9)
Bottom of the 9th over - 0 run(s), 2 hit(s), 0 error(s), 2 left on base; Detroit 4 - Athens 0
Thursday, March 30th, 2017 - OOTP Baseball 17.12 Build 75